 Dungeon Crawl Stone Soup version 0.26-a0-665-gefeb406119 (webtiles) character file.

Game seed: 16533356479912113690

68926 tacoguy the Protected (level 14, -14/116 HPs)
             Began as a Minotaur Fighter on Oct 12, 2020.
             Was a High Priest of Okawaru.
             Killed from afar by a fire giant (54 damage)
             ... with a bolt of fire
             ... on level 2 of the Depths on Oct 13, 2020.
             The game lasted 01:32:16 (20473 turns).

tacoguy the Protected (Minotaur Fighter)           Turns: 20473, Time: 01:32:16

Health: -14/116    AC: 17    Str: 24    XL:     14   Next: 88%
Magic:  0/28       EV: 16    Int:  5    God:    Okawaru [*****.]
Gold:   716        SH: 14    Dex: 17    Spells: 13/13 levels left

rFire    . . .     SeeInvis .   j - +5 spear of Titusos {distort, +Blink rElec MR+ MP+9}
rCold    . . .     Faith    .   c - +0 kite shield
rNeg     + + .     Spirit   +   J - +0 chain mail "Hesiluxu" {rN++}
rPois    .         Reflect  .   I - +0 hat
rElec    +         Harm     .   t - +0 cloak {rCorr}
rCorr    +         Rampage  .   u - +0 pair of gloves
MR       +++..     Rnd*Tele +   T - +0 pair of boots {Fly}
Stlth    ..........             l - amulet of guardian spirit
HPRegen  0.29/turn              h - ring "Noad Zask" {Wiz MR+ Dex+5}
MPRegen  0.21/turn              M - +4 ring of slaying

@: flying
A: retaliatory headbutt, horns 2, frail 1, teleportitis 1
a: Heroism, Finesse, Renounce Religion, Evoke Blink, Stop Flying


You were on level 2 of the Depths.
You worshipped Okawaru.
Okawaru was extremely pleased with you.
You visited 4 branches of the dungeon, and saw 20 of its levels.

You collected 1293 gold pieces.
You spent 577 gold pieces at shops.

Inventory:

Hand Weapons
 j - the +5 spear of Titusos (weapon) {distort, +Blink rElec MR+ MP+9}
   (You took it off a gnoll on level 5 of the Dungeon)

   It warps and distorts space around it.
   Unwielding it can cause banishment or high damage.
   It insulates you from electricity.
   It affects your resistance to hostile enchantments.
   It affects your magic capacity (+9).
   It lets you blink.
Armour
 c - a +0 kite shield (worn)
 t - a +0 cloak of preservation (worn)
 u - a +0 pair of gloves (worn)
 I - a +0 hat (worn)
 J - the +0 chain mail "Hesiluxu" (worn) {rN++}
   (You found it on level 9 of the Dungeon)

   It greatly protects you from negative energy.
 T - a +0 pair of boots of flying (worn)
Jewellery
 h - the ring "Noad Zask" (left hand) {Wiz MR+ Dex+5}
   (You found it on level 5 of the Dungeon)

   [ring of wizardry]

   It improves your spell success rate.
   It affects your dexterity (+5).
   It affects your resistance to hostile enchantments.
 i - an uncursed ring of see invisible
 l - an amulet of guardian spirit (around neck)
 M - a +4 ring of slaying (right hand)
Wands
 e - a wand of enslavement (5)
 k - a wand of random effects (15)
 p - a wand of digging (8)
 x - a wand of polymorph (19)
 B - a wand of acid (18)
 C - a wand of flame (18)
 F - a wand of iceblast (8)
 G - a wand of disintegration (29)
Scrolls
 b - a scroll of summoning {unknown}
 f - 3 scrolls of amnesia {unknown}
 g - a scroll of teleportation
 m - 5 scrolls of remove curse
 o - 5 scrolls of enchant armour {unknown}
 q - 3 scrolls of blinking {unknown}
 r - 5 scrolls of fog
 s - 2 scrolls of brand weapon {unknown}
 v - 2 scrolls of immolation {unknown}
 y - a scroll of enchant weapon {unknown}
 A - a scroll of vulnerability {unknown}
 E - 3 scrolls of magic mapping
 K - a scroll of fear {unknown}
 N - a scroll of acquirement {unknown}
 S - 2 scrolls of identify
Potions
 a - 2 potions of lignification {unknown}
 d - 4 potions of flight
 n - a potion of cancellation
 z - 2 potions of brilliance
 D - 2 potions of resistance {unknown}
 H - 2 potions of ambrosia
 L - a potion of berserk rage
 O - a potion of invisibility {unknown}
 P - a potion of degeneration {unknown}
 Q - 2 potions of curing


   Skills:
 + Level 13.5 Fighting
   Level 6.2 Short Blades
 + Level 11.8 Polearms
 + Level 13.7 Armour
 + Level 12.2 Dodging
 + Level 13.6 Shields
 + Level 9.2 Invocations
 - Level 0.1 Evocations


You had 13 spell levels left.
You didn't know any spells.
Your spell library contained the following spells:

 Spells                   Type           Power        Failure   Level
 Apportation              Tloc           #.....       71%         1
 Foxfire                  Conj/Fire      #...         71%         1
 Passwall                 Tmut/Erth      #.......     83%         2
 Gell's Gravitas          Tloc           #.........   96%         3
 Lesser Beckoning         Tloc           #.........   96%         3
 Portal Projectile        Hex/Tloc       #.....       96%         3
 Tukima's Dance           Hex            #.......     96%         3
 Cause Fear               Hex            #.........   100%        4
 Alistair's Intoxication  Tmut/Pois      #........    100%        5
 Lee's Rapid Deconstruct  Erth           #.........   100%        5
 Dispersal                Tloc           #.........   100%        6
 Invisibility             Hex            #.......     100%        6
 Iron Shot                Conj/Erth      #.........   100%        6
 Statue Form              Tmut/Erth      #........    100%        6
 Dragon Form              Tmut           #.........   100%        7
 Disjunction              Tloc           #.........   100%        8
 Dragon's Call            Summ           #.........   100%        9


Dungeon Overview and Level Annotations

Branches:
Dungeon (15/15)            Temple (1/1) D:7            Lair (0/6) D:9
    Orc (2/2) D:10         Vaults (0/5) D:14         Depths (2/5) D:15
    Elf: Orc:2

Altars:
Ashenzari
Cheibriados
Dithmenos
Elyvilon
Fedhas
Hepliaklqana
Kikubaaqudgha
Makhleb
Nemelex Xobeh
Okawaru
Qazlal
Ru
Sif Muna
Trog
Uskayaw
Vehumet
Wu Jian
Xom
Yredelemnul
Zin
The Shining One

Shops:
D:6 }   D:7 (   Orc:2 ??   Depths:1 [}*=[

Portals:
Hell: Depths:1
Abyss: D:5 Depths:1
Trove: D:13 (give +2 gold dragon scales)

Annotations:
Abyss:1 Asterion; Grenfur's ghost, journeyman HOMo; Maurice


Innate Abilities, Weirdness & Mutations

You reflexively headbutt those who attack you in melee.
You have a pair of horns on your head.
You are frail. (-10% HP)
You are occasionally teleported next to monsters.


Message History

Your surroundings suddenly seem different.
A boggart comes into view.
The boggart shouts!
A boggart comes into view.
The boggart shouts!
A boggart comes into view.
The boggart shouts!
A fire giant comes into view.
It is wielding a +4 great sword of flaming.
The fire giant shouts!
The fire giant gestures at you while chanting.
The bolt of fire misses you.
A necromancer comes into view. It is wielding a +0 dagger.
A tengu reaver simulacrum comes into view.
Found 15 gold pieces.
As you read the scroll of teleportation, it crumbles to dust.
You feel strangely stable.
The boggart gestures wildly while chanting. x2
The fire giant points at you and mumbles some strange words.
The bolt of fire hits you!!!
You die...

.#.#D.#.#. .. .
.#....#. #..
#.##..g...##.#.
.#..........#p#
#.....Dg.....##
.....$.....C..Z
.......g.......
.......@#
#########


You could see a fire giant, 2 fire dragons, a necromancer, 3 boggarts and a
tengu reaver simulacrum.

Vanquished Creatures
  A fire giant (Depths:1)
  Roxanne (D:15)
  A stone giant (Depths:1)
  A merfolk javelineer (Depths:1)
  Erolcha (D:9)
  4 vault guards (D:14)
  A boulder beetle (D:15)
  3 centaur warriors
  A two-headed ogre (D:15)
  A deep troll shaman (Depths:1)
  A deep troll earth mage (Depths:2)
  A hell knight (Depths:2)
  An iron troll (Depths:1)
  2 unseen horrors (D:14)
  4 deep trolls
  2 wizards
  13 ugly things
  An orc sorcerer (D:15)
  A cyclops (D:15)
  A deep elf mage (D:15)
  A salamander (Depths:1)
  2 centaur zombies
  A gargoyle (D:13)
  The ghost of Pooter the Slasher, a novice DsBe of Trog (D:5)
  3 centaur skeletons
  2 kobold demonologists
  2 efreet
  An ancient zyme (D:5)
  4 trolls
  9 slime creatures
  A centaur simulacrum (D:14)
  A shadow (D:12)
  Sigmund (D:4)
  2 wraiths
  2 water elementals (Depths:1)
  A vampire (D:12)
  A fire elemental (Depths:1)
  A wyvern (D:11)
  4 yaks (D:14)
  A basilisk (D:14)
  2 vampire mosquitoes (D:10)
  Menkaure (D:4)
  A warg (Orc:1)
  An acid dragon (D:11)
  Duvessa (D:5)
  11 orc warriors
  4 sky beasts
  A water moccasin (D:10)
  A swamp drake (D:13)
  A black bear (D:10)
  3 ice beasts
  2 phantoms
  10 ogres
  2 necrophages
  16 centaurs
  7 big kobolds
  9 bullfrogs
  5 gnoll sergeants
  Dowan (D:5)
  2 small abominations (D:5)
  A wyvern skeleton (D:14)
  A water moccasin skeleton (D:7)
  4 scorpions
  5 killer bees (D:7)
  11 wights
  8 howler monkeys
  4 bullfrog zombies
  A quasit (D:10)
  4 hounds
  4 jellies
  A bullfrog skeleton (D:8)
  10 orc priests
  17 orc wizards
  Crazy Yiuf (D:4)
  3 iguanas
  14 worker ants
  2 hound skeletons
  A howler monkey skeleton (D:6)
  A worker ant zombie (D:7)
  12 adders
  9 gnolls
  4 shadow imps
  A white imp (D:8)
  4 ufetubi
  An ooze (D:5)
  An adder skeleton (D:9)
  4 worms
  A dart slug (D:3)
  5 leopard geckos
  59 orcs
  11 bats
  7 giant cockroaches
  4 goblins
  6 hobgoblins
  21 jackals
  6 quokkas
  3 ball pythons
  8 frilled lizards
  A jackal zombie (D:8)
  15 kobolds
  A quokka skeleton (D:7)
  11 rats
452 creatures vanquished.

Vanquished Creatures (others)
  6 plants
6 creatures vanquished.

Grand Total: 458 creatures vanquished

Notes
Turn   | Place    | Note
-------+----------+-------------------------------------------
     0 | D:1      | tacoguy the Minotaur Fighter began the quest for the Orb.
     0 | D:1      | Reached XP level 1. HP: 19/19 MP: 0/0
   128 | D:1      | Reached XP level 2. HP: 27/27 MP: 1/1
   926 | D:2      | Found a shadowy altar of Dithmenos.
   948 | D:2      | Reached XP level 3. HP: 33/33 MP: 2/2
  1200 | D:2      | Reached skill level 1 in Dodging
  1627 | D:3      | Noticed a phantom
  1670 | D:3      | Killed a phantom
  1670 | D:3      | Reached XP level 4. HP: 14/41 MP: 3/3
  1670 | D:3      | Reached XP level 5. HP: 16/47 MP: 3/4
  2133 | D:3      | Found a shimmering blue altar of Sif Muna.
  2133 | D:3      | Found a radiant altar of Vehumet.
  2201 | D:3      | Reached XP level 6. HP: 37/55 MP: 4/5
  2202 | D:3      | Reached skill level 5 in Armour
  2202 | D:3      | Reached skill level 5 in Shields
  2464 | D:3      | Reached skill level 5 in Fighting
  2805 | D:4      | Noticed Menkaure
  3049 | D:4      | Killed Menkaure
  3049 | D:4      | Reached XP level 7. HP: 49/61 MP: 6/6
  3119 | D:4      | Found a glowing silver altar of Zin.
  3176 | D:4      | Noticed Sigmund
  3191 | D:4      | Killed Sigmund
  3272 | D:4      | Found a glowing golden altar of the Shining One.
  3663 | D:4      | Found a runed translucent door.
  3664 | D:4      | Noticed Crazy Yiuf
  3895 | D:4      | Killed Crazy Yiuf
  4190 | D:5      | Entered Level 5 of the Dungeon
  4390 | D:5      | Reached XP level 8. HP: 65/70 MP: 7/7
  4445 | D:5      | Reached skill level 5 in Short Blades
  4552 | D:5      | Noticed Duvessa
  4554 | D:5      | Noticed Dowan
  4576 | D:5      | Killed Duvessa
  4580 | D:5      | Killed Dowan
  4978 | D:5      | Identified the +5 spear of Titusos {distort, +Blink rElec
                  | MR+ MP+9}
  5062 | D:5      | Found a transporter.
  5064 | D:5      | Got a pitted brass ring
  5066 | D:5      | Identified the ring "Noad Zask" {Wiz MR+ Dex+5} (You found
                  | it on level 5 of the Dungeon)
  5167 | D:5      | Found a transporter.
  5299 | D:5      | Found a one-way gate to the infinite horrors of the Abyss.
  5554 | D:5      | Noticed an ancient zyme
  5653 | D:5      | Noticed Pooter's ghost (novice DsBe)
  5700 | D:5      | Killed Pooter's ghost
  5700 | D:5      | Reached skill level 5 in Dodging
  6023 | D:5      | Killed an ancient zyme
  6023 | D:5      | Reached XP level 9. HP: 33/79 MP: 4/8
  7094 | D:6      | Reached skill level 1 in Polearms
  7240 | D:6      | Found a runed translucent door.
  7248 | D:6      | Found a runed translucent door.
  7286 | D:6      | Found Qicitzoz's Gadget Shoppe.
  7795 | D:7      | Found a blossoming altar of Fedhas.
  7899 | D:7      | Found Tiotz's Weapon Shop.
  8238 | D:7      | Found a staircase to the Ecumenical Temple.
  8253 | D:7      | Reached XP level 10. HP: 90/90 MP: 9/9
  8257 | Temple   | Entered the Ecumenical Temple
  8671 | Temple   | Became a worshipper of Warmaster Okawaru
  8740 | D:7      | Found a transporter.
  8740 | D:7      | Found a transporter.
  8925 | D:7      | Found a white marble altar of Elyvilon.
  8982 | D:7      | Found a basalt altar of Yredelemnul.
  9049 | D:7      | Found a snail-covered altar of Cheibriados.
  9128 | D:7      | Noticed an orange demon
  9250 | D:8      | Reached * piety under Okawaru
  9501 | D:8      | Reached skill level 1 in Invocations
  9777 | D:8      | Found an ornate altar of the Wu Jian Council.
  9833 | D:8      | Found an ancient bone altar of Kikubaaqudgha.
  9870 | D:9      | Found a stormy altar of Qazlal.
  9982 | D:9      | Found a bloodstained altar of Trog.
 10006 | D:9      | Reached skill level 5 in Polearms
 10012 | D:9      | Found a staircase to the Lair.
 10077 | D:9      | Got an ichor-stained chain mail
 10090 | D:9      | Identified the +0 chain mail "Hesiluxu" {rN++} (You found
                  | it on level 9 of the Dungeon)
 10236 | D:9      | Noticed Erolcha
 10248 | D:9      | Killed Erolcha
 10248 | D:9      | Reached ** piety under Okawaru
 10347 | D:9      | Found a bloodstained altar of Trog.
 10535 | D:10     | Entered Level 10 of the Dungeon
 10806 | D:10     | Reached *** piety under Okawaru
 10944 | D:10     | Found a staircase to the Orcish Mines.
 10972 | D:10     | Reached XP level 11. HP: 97/99 MP: 12/12
 11324 | D:10     | Reached skill level 10 in Shields
 11345 | D:10     | Reached skill level 10 in Armour
 11635 | Orc:1    | Entered Level 1 of the Orcish Mines
 11971 | Orc:2    | Entered Level 2 of the Orcish Mines
 11971 | Orc:2    | Found Unug's Magic Scroll Boutique.
 11971 | Orc:2    | Found Gewuf's Magic Scroll Shoppe.
 11971 | Orc:2    | Noticed a two-headed ogre
 11971 | Orc:2    | Noticed a two-headed ogre
 11971 | Orc:2    | Noticed a stone giant
 11972 | Orc:2    | Noticed a two-headed ogre
 11973 | Orc:2    | Noticed a two-headed ogre
 11973 | Orc:2    | Noticed an ogre mage
 11974 | Orc:2    | Noticed a two-headed ogre
 12167 | D:11     | Reached skill level 10 in Fighting
 12177 | D:11     | You fall into a shaft and drop 3 floors!
 12181 | D:14     | Banished an unseen horror
 12284 | D:14     | Reached **** piety under Okawaru
 12373 | D:14     | Noticed a vault guard
 12373 | D:14     | Noticed a vault guard
 12373 | D:14     | Noticed a vault guard
 12380 | D:14     | Noticed a vault guard
 12382 | D:14     | Noticed a vault guard
 12390 | D:14     | Killed a vault guard
 12399 | D:14     | Killed a vault guard
 12407 | D:14     | Killed a vault guard
 12408 | D:14     | Banished a vault guard
 12411 | D:14     | Noticed a vault guard
 12419 | D:14     | Banished a vault guard
 12459 | D:14     | Reached skill level 5 in Invocations
 12462 | D:14     | Killed a vault guard
 12462 | D:14     | Reached ***** piety under Okawaru
 12462 | D:14     | Reached XP level 12. HP: 70/108 MP: 14/14
 12579 | D:14     | Noticed a vault guard
 12583 | D:14     | Banished a vault guard
 12633 | D:14     | Noticed a vault guard
 12641 | D:14     | Banished a vault guard
 12642 | D:14     | Found a gate to the Vaults.
 12725 | D:14     | Noticed a two-headed ogre
 12729 | D:14     | Banished a two-headed ogre
 12769 | D:14     | Found the +11 plutonium sword {*Contam Stlth-}
 12773 | D:14     | Noticed a tengu warrior
 12773 | D:14     | Noticed a tengu warrior
 12815 | D:14     | Banished a tengu warrior
 12831 | D:14     | Noticed a centaur warrior
 12840 | D:14     | Banished a tengu warrior
 12840 | D:14     | Reached skill level 10 in Dodging
 12847 | D:14     | Killed a centaur warrior
 13072 | D:14     | Noticed a centaur warrior
 13095 | D:14     | Killed a centaur warrior
 13364 | D:14     | Noticed a centaur warrior
 13375 | D:14     | Banished a centaur warrior
 13755 | D:14     | Gained mutation: You are frail. (-10% HP) [mutagenic glow]
 13790 | D:13     | Noticed a seven-headed hydra
 13797 | D:13     | Noticed a centaur warrior
 13798 | D:14     | Received a gift from Okawaru
 14286 | D:14     | Gained mutation: You are occasionally teleported next to
                  | monsters. [mutagenic glow]
 14465 | D:15     | Entered Level 15 of the Dungeon
 14465 | D:15     | Noticed a centaur warrior
 14606 | D:13     | Reached XP level 13. HP: 57/105 MP: 9/17
 14607 | D:13     | Noticed Maurice
 14832 | D:13     | Banished Maurice
 15121 | D:13     | Found a portal to a secret trove of treasure.
 16866 | D:11     | Found a runed translucent gate.
 16866 | D:11     | Found a runed translucent gate.
 16866 | D:11     | Found a runed translucent gate.
 16869 | D:11     | Noticed Grenfur's ghost (journeyman HOMo)
 17026 | D:11     | Banished Grenfur's ghost
 17026 | D:11     | Reached skill level 10 in Polearms
 17488 | D:15     | Identified Roxanne's Reference Book on Clay
 17488 | D:15     | Noticed Roxanne
 17503 | D:15     | Killed Roxanne
 17879 | D:15     | Reached XP level 14. HP: 73/114 MP: 18/19
 18095 | D:15     | Found a staircase to the Depths.
 18164 | Depths:1 | Entered Level 1 of the Depths
 18164 | Depths:1 | Noticed a stone giant
 18380 | Depths:1 | Banished a stone giant
 18523 | Depths:1 | Noticed a stone giant
 18524 | Depths:1 | Found Ypryth's Jewellery Shop.
 18538 | Depths:1 | Banished a stone giant
 18551 | Depths:1 | Found Jeruoxit's Antique Armour Emporium.
 18559 | Depths:1 | Upgraded the game from 0.26-a0-663-g36e8fdb655 to
                  | 0.26-a0-665-gefeb406119
 18559 | Depths:1 | Bought a pair of embroidered boots for 307 gold pieces
 18631 | Depths:1 | Received a gift from Okawaru
 18706 | Depths:1 | Found a gateway to Hell.
 19120 | Depths:1 | Found Wunapn's Assorted Antiques.
 19142 | Depths:1 | Bought a transparent halberd for 270 gold pieces
 19424 | Depths:1 | Found Petzarux's Gadget Emporium.
 19491 | Depths:1 | Found Jaequbri's Armour Emporium.
 19653 | Depths:1 | Noticed Asterion
 19661 | Depths:1 | Noticed a cacodemon
 19668 | Depths:1 | Banished Asterion
 19969 | Depths:2 | Noticed a fire giant
 19973 | Depths:2 | Noticed a stone giant
 20126 | Depths:1 | Killed a stone giant
 20278 | Depths:1 | Killed a fire giant
 20471 | Depths:2 | Noticed a stone giant
 20471 | Depths:2 | Noticed a stone giant
 20472 | Depths:2 | Noticed a frost giant
 20472 | Depths:2 | Noticed a fire giant
 20473 | Depths:2 | Killed from afar by a fire giant

Illustrated notes

Levels and vault maps discovered:
D:1:      enne_arrival_octagon_isle, layout_loops_corners
D:2:      cheibrodos_old_hovel, layout_basic, grunt_dithmenos_smoke_and_mirrors
D:3:      layout_loops_ring, gammafunk_temple_overflow_statue
D:4:      layout_rooms, old_standard_altar, kennysheep_decorative_pillar,
          st_stairs_4, tso_altar, uniq_menkaure, uniq_crazy_yiuf_cottage,
          uniq_sigmund
D:5:      layout_layer_cave, gammafunk_ghost_abyssal_escape,
          kennysheep_small_square, uniq_duvessa
D:6:      lemuel_insect_pit, layout_basic, serial_shops, shop, minmay_liquid_box
D:7:      gammafunk_wand_slinger, layout_rooms, kennysheep_ying_yang,
          lemuel_doored_altar, overflow_temple_1_default,
          minmay_temple_entry_mini_moons, serial_shops, shop, solitary_fountain,
          minmay_bent
D:8:      layout_basic, kennysheep_mini_moat, kennysheep_little_box
D:9:      layout_small_grid, nicolae_qazlal_general_emergency,
          nicolae_overflow_hidden_temple, bloody_trog, uniq_erolcha
D:10:     layout_long_grid, kennysheep_orc_monster_closet_entryway
D:11:     layout_rooms, gammafunk_ghost_hydra_chop
D:12:     layout_stronghold
D:13:     layout_loops_cross, nicolae_trove_entry_diagonal, uniq_maurice
D:14:     layout_cross, erik_vaults_2, grunt_decor_fettered,
          kennysheep_cross_room, minmay_stone_trees_medium, due_unseen_surprise
D:15:     grunt_enter_depths_magical_seal, layout_long_grid, uniq_azrael,
          uniq_roxanne
Temple:   compressed_dpeg_triangle_lava_temple
Orc:1:    layout_caves
Orc:2:    st_orc_open, layout_caves, basic_altar
Depths:1: layout_cave_pools, serial_shops, nicolae_shop_stone, kennysheep_mini,
          nicolae_shop_window_shopping, nicolae_shop_overgrown_old_shop, shop,
          hell_entry, chequers_serial_rivers_room_a, abyss_entry,
          kennysheep_donut, minivault_16, kennysheep_cluttered_room,
          kennysheep_cross_bottleneck, minmay_misc_feat_doors, st_stairs_4,
          uniq_asterion
Depths:2: minmay_the_grid_square_5x5_4x4_mashed
          [minmay_the_grid_square_5x5_doubleslash,
          minmay_the_grid_square_5x5_six, minmay_the_grid_square_5x5_inner_z,
          minmay_the_grid_square_5x5_n_small,
          minmay_the_grid_square_5x5_shrine1,
          minmay_the_grid_square_5x5_prize_itemx,
          minmay_the_grid_square_5x5_prize_deathbox,
          minmay_the_grid_square_5x5_gyroscope,
          minmay_the_grid_square_5x5_inner_i,
          minmay_the_grid_square_5x5_prize_open,
          minmay_the_grid_square_5x5_prize_junk,
          minmay_the_grid_square_5x5_minimal,
          minmay_the_grid_square_5x5_dogpile,
          minmay_the_grid_square_5x5_three_walls,
          minmay_the_grid_square_5x5_eight, minmay_the_grid_square_5x5_inset],
          layout_gridlike, minmay_misc_feat_secret_circle,
          pf_hell_entry_tar_spiral, serial_shops, shop_fountains,
          minmay_misc_feat_room, infiniplex_staircase_squiggle

Skill      XL: |  1  2  3  4  5  6  7  8  9 10 11 12 13 14 |
---------------+-------------------------------------------+-----
Shields        | 4 5 6 7 8 9 10 11 12 13 | 13.6
Armour         | 4 5 6 7 8 9 10 11 12 13 | 13.7
Fighting       | 4 5 6 7 8 9 10 11 12 13 | 13.5
Dodging        | 1 2 3 4 5 6 8 9 10 11 12 | 12.2
Short Blades   | 3 4 6 |  6.2
Polearms       | 3 5 7 9 10 11 | 11.8
Invocations    | 2 5 6 8 9 |  9.2
Evocations     | |  0.1

Action                   |  1- 3 |  4- 6 |  7- 9 | 10-12 | 13-15 || total
-------------------------+-------+-------+-------+-------+-------++-------
Melee: Rapier            |   126 |   136 |   128 |       |       ||   390
       Headbutt          |    15 |    21 |    88 |    93 |    99 ||   316
       Dagger            |       |       |   118 |       |       ||   118
       Spear             |       |       |   147 |   502 |   420 ||  1069
       Triple sword      |       |       |       |     5 |       ||     5
       Punch             |       |       |       |     3 |       ||     3
Invok: Heroism           |       |       |       |    14 |    17 ||    31
       Finesse           |       |       |       |     4 |     6 ||    10
 Abil: Evoke Blink       |       |       |       |     1 |       ||     1
Evoke: Wand              |       |       |       |     6 |     1 ||     7
  Use: Scroll            |     7 |     3 |     5 |     7 |     4 ||    26
       Potion            |       |     6 |     2 |     2 |     4 ||    14
Armor: Scale mail        |    60 |    52 |   125 |    21 |       ||   258
       Chain mail        |       |       |       |   115 |    84 ||   199
Dodge: Dodged            |    38 |    71 |   115 |   188 |   111 ||   523
Block: Kite shield       |    54 |    83 |   193 |   215 |   161 ||   706
       Rpst.: Triple sword |       |       |       |     2 |       ||     2

Table legend: (Time is in decaauts)
 A = Elapsed time spent in this place.
 B = Non-inter-level travel time spent in this place.
 C = Inter-level travel time spent in this place.
 D = Time resting spent in this place.
 E = Time spent auto-exploring this place.
 F = Levels seen in this place.
 G = Mean time per level.
                   A        B        C        D        E       F      G
               +--------+--------+--------+--------+--------+-----+--------+
         Total |  20095 |  18847 |   1248 |   6299 |   8892 |  20 | 1004.8 |
       Dungeon |  17275 |  16167 |   1108 |   5125 |   7857 |  15 | 1151.7 |
        Temple |    429 |    351 |     78 |      0 |    299 |   1 |  429.0 |
  Orcish Mines |    357 |    351 |      6 |    185 |     73 |   2 |  178.5 |
        Depths |   2033 |   1977 |     56 |    989 |    663 |   2 | 1016.5 |
               +--------+--------+--------+--------+--------+-----+--------+

Top non-repeatable levels by time:
    D:14: 2511 daAuts
     D:5: 2361 daAuts
Depths:1: 1940 daAuts
     D:4: 1458 daAuts
    D:10: 1275 daAuts
     D:6: 1200 daAuts
     D:3: 1106 daAuts
    D:15: 1067 daAuts
    D:12: 1066 daAuts
     D:7: 979 daAuts
     D:1: 922 daAuts
     D:2: 718 daAuts
     D:9: 678 daAuts
    D:13: 674 daAuts
     D:8: 643 daAuts
